 Dungeon Crawl Stone Soup version 0.18.1-48-g4cf74bf (webtiles) character file.

35 PrikolusRex the Grave Robber (level 3, 0/19 HPs)
             Began as a Deep Elf Necromancer on Sept 3, 2016.
             Slain by a hobgoblin
             ... wielding a +0 club
              (4 damage)
             ... on level 2 of the Dungeon.
             The game lasted 00:11:49 (1394 turns).

PrikolusRex the Grave Robber (Deep Elf Necromancer) Turns: 1394, Time: 00:11:52

Health: 0/19       AC:  4    Str:  5    XL:     3   Next: 17%
Magic:  1/10       EV: 13    Int: 20    God:
Gold:   23         SH:  0    Dex: 15    Spells: 3 memorised, 4 levels left

rFire  . . .     SeeInvis .     g - -2 dagger (curse)
rCold  . . .     Gourm    .     a - +0 robe
rNeg   . . .     Faith    .     (no shield)
rPois  .         Spirit   .     f - +1 helmet
rElec  .         Dismiss  .     (no cloak)
rCorr  .         Reflect  .     (no gloves)
SustAt .         Harm     .     (no boots)
MR     .....                    (no amulet)
Stlth  ++........               (no ring)
                                (no ring)

@: not resistant to hostile enchantments, unstealthy
A: no striking features
a: no special abilities


You were on level 2 of the Dungeon.
You were not hungry.

You visited 1 branch of the dungeon, and saw 2 of its levels.

You collected 23 gold pieces.

Inventory:

Hand Weapons
 g - a cursed -2 dagger (weapon)
 l - a +0 dagger
 m - a +0 spear
Armour
 a - a +0 robe (worn)
 f - a +1 helmet (worn)
Scrolls
 d - a scroll of fog {unknown}
Potions
 e - 2 potions of might {unknown}
 i - a potion of cancellation {unknown}
 k - 2 potions of haste {unknown}
Books
 b - a book of Necromancy

   Spells                             Type                      Level
   a - Pain                           Necromancy                   1
   b - Animate Skeleton               Necromancy                   1
   c - Vampiric Draining              Necromancy                   3
   d - Regeneration                   Charms/Necromancy            3
   e - Animate Dead                   Necromancy                   4
   f - Control Undead                 Necromancy                   4
Comestibles
 c - a bread ration
 h - a meat ration


   Skills:
 + Level 2.6 Dodging
 + Level 2.6 Stealth
 + Level 3.5 Spellcasting
 + Level 5.7 Necromancy


You had 4 spell levels left.
You knew the following spells:

 Your Spells              Type           Power        Failure   Level  Hunger
a - Pain                  Necr           ####         1%          1    None
b - Animate Skeleton      Necr           N/A          1%          1    None
c - Vampiric Draining     Necr           ####......   4%          3    ###....


Dungeon Overview and Level Annotations

Branches:
Dungeon (2/15)

Altars:


Message History

Press: ? - help, Shift-Dir - straight line, f/p - worm
Aim: a worm (severely wounded)
The worm is severely wounded.
You feel life coursing into your body.
Casting: Vampiric Draining
Confirm with . or Enter, or press ? or * to list all spells.
You don't have enough magic to cast that spell.
You hit the worm but do no damage.
The worm is severely wounded.
The worm bites you.
You hit the worm.
The worm is almost dead.
The hobgoblin hits you with a club.
You hit the worm but do no damage.
The worm is almost dead.
The worm bites you!
Ouch! That really hurt!
* * * LOW HITPOINT WARNING * * *
The hobgoblin hits you with a club.
You die...

......##
......###
.!.....#
......#
.....####
#.......##
#..g......
#.@w......
#...##.###
......#
........#
##.###...#
... ....#
.## ##..#
..#


You could see a worm and a hobgoblin.

Vanquished Creatures
  An ooze (D:1)
  3 ball pythons (D:1)
  5 goblins (D:1)
  3 hobgoblins (D:1)
  4 bats (D:1)
  A giant newt (D:1)
  3 kobolds (D:1)
  4 rats (D:1)
24 creatures vanquished.

Vanquished Creatures (collateral kills)
  A dart slug (D:1)
  A giant gecko (D:1)
  A giant cockroach (D:1)
  A bat (D:1)
  A goblin (D:1)
  4 rats (D:1)
9 creatures vanquished.

Grand Total: 33 creatures vanquished

Notes
Turn   | Place    | Note
--------------------------------------------------------------
     0 | D:1      | PrikolusRex the Deep Elf Necromancer began the quest for the Orb.
     0 | D:1      | Reached XP level 1. HP: 10/10 MP: 6/6
     9 | D:1      | Learned a level 1 spell: Animate Skeleton
    44 | D:1      | Reached skill level 5 in Necromancy
    67 | D:1      | Reached XP level 2. HP: 7/15 MP: 1/8
   752 | D:1      | Reached XP level 3. HP: 18/19 MP: 8/10
  1075 | D:1      | Learned a level 3 spell: Vampiric Draining
  1394 | D:2      | Slain by a hobgoblin

Skill      XL: |  1 |
---------------+----+-----
Necromancy     | 5 |  5.7
Dodging        | |  2.6
Stealth        | |  2.6
Spellcasting   | |  3.5

Action                   || total
-------------------------++-------
Melee: Unarmed           ||     1
       Dagger            ||     7
 Cast: Pain              ||    34
       Animate Skeleton  ||    15
       Vampiric Draining ||     2
  Eat: Chunk             ||     1
Armor: Robe              ||     1
Dodge: Dodged            ||    12
